 Dungeon Sprint DCSS version 0.29-a0-563-g64e4043184 (webtiles) character file.

Game seed: 16509158250132050515

2045 mhtbhm the Grappler (level 9, -3/66 HPs)
             Began as an Octopode Transmuter on June 11, 2022.
             Was an Initiate of Gozag.
             Slain by a manticore (7 damage)
             ... in the Dungeon (Sprint IX: "|||||||||||||||||||||||||||||").
             The game lasted 00:01:23 (999 turns).

mhtbhm the Grappler (Octopode Transmuter)            Turns: 999, Time: 00:01:25

Health: -3/66      AC:  7    Str: 16    XL:     9   Next: 24%
Magic:  16/21      EV: 12    Int: 19    God:    Gozag
Gold:   396        SH:  0    Dex: 12    Spells: 14/24 levels left

rFire   x . .      SeeInvis .     - Unarmed
rCold   + + +      Faith    .   (shield currently unavailable)
rNeg    . . .      Spirit   .   (helmet currently unavailable)
rPois   +          Reflect  .   (no amulet)
rElec   .          Harm     .   j - +3 ring of intelligence
rCorr   .          Rampage  .   k - +3 ring of strength
Will    .....      NoTele   +   (no ring)
Stlth   +++.......              (no ring)
HPRegen 0.21/turn               (no ring)
MPRegen 0.17/turn               (no ring)
                                (no ring)
                                (no ring)

@: ice-form, wereblooded, gold aura, hasted, very quick
A: freezing attack, boosted hp, almost no armour, amphibious, 8 rings, large,
(camouflage 1), (gelatinous body 1), (nimble swimmer 1), (tentacles)
a: End Transformation, Renounce Religion, Potion Petition, Call Merchant, Bribe
Branch


You were in the Dungeon.
You worshipped Gozag.
Gozag was aware of your devotion.
You were a creature of crystalline ice.
You visited 1 branch You collected 396 gold pieces.

Inventory:

Jewellery
 j - a +3 ring of intelligence (left front paw)
 k - a +3 ring of strength (right front paw)
Wands
 i - a wand of iceblast (6)
Scrolls
 g - 2 scrolls of blinking
 h - 2 scrolls of amnesia
Potions
 a - a potion of lignification
 b - 4 potions of curing
 e - 4 potions of magic
 f - a potion of invisibility


   Skills:
 + Level 2.5 Fighting
 + Level 8.2 Dodging
 + Level 4.9 Stealth
 + Level 13.9 Unarmed Combat
 + Level 8.2 Spellcasting
 + Level 8.0 Transmutations
 + Level 3.7 Ice Magic
 + Level 1.4 Evocations


You had 14 spell levels left.
You knew the following spells:

 Your Spells              Type           Power      Damage    Failure   Level
a - Beastly Appendage     Tmut           76%        N/A       1%          1
b - Wereblood             Tmut           38%        N/A       1%          2
c - Spider Form           Tmut/Pois      23%        N/A       5%          3
d - Ice Form              Ice/Tmut       30%        N/A       8%          4

Your spell library contained the following spells:

 Spells                   Type           Power      Damage    Failure   Level


Dungeon Overview and Level Annotations

Branches:
Dungeon (1/1)

Altars:
Cheibriados
Dithmenos
Elyvilon
Fedhas
Gozag
Hepliaklqana
Kikubaaqudgha
Makhleb
Nemelex Xobeh
Okawaru
Qazlal
Ru
Sif Muna
Trog
Uskayaw
Vehumet
Wu Jian
Xom
Yredelemnul
Zin
The Shining One
Beogh
Jiyva
Lugonu


Innate Abilities, Weirdness & Mutations

You are a creature of crystalline ice.
You have a powerful freezing melee attack.
Your maximum health is increased.
Your armour is entirely melded.
You are incapable of wielding weapons or throwing items.
You cannot wear most types of armour.
You are amphibious.
You can wear up to eight rings at the same time.
((Your skin changes colour to match your surroundings (Stealth+).))
((Your rubbery body absorbs attacks. (AC +1, EV +1)))
((You are camouflaged when in or above water. (Stealth+)))
((You have tentacles for arms and can constrict up to eight enemies at once.))


Message History

Unknown command.
You hit the troll. You freeze the troll.
You feel a bit better.
You kill the troll!
You howl as the wereblood boils in your veins!
You have reached level 9!
Your experience leads to an increase in your attributes!
Your base attributes are Str 11, Int 16, Dex 12.
Increase (S)trength, (I)ntelligence, or (D)exterity?
You feel stronger. x2
You feel much better.
You see here 153 gold pieces.
You hit the cyclops but do no damage.
The cyclops is lightly wounded.
The cyclops hits you!!
* * * LOW HITPOINT WARNING * * *
You pummel the cyclops!! You freeze the cyclops.
The cyclops is severely wounded.
The kobold demonologist gestures wildly while chanting.
Unknown command.
You pummel the cyclops!! You freeze the cyclops.
You feel a bit better.
You kill the cyclops!
Your Dodging skill increases to level 8!
Your Spellcasting skill increases to level 8!
Your Transmutations skill increases to level 8!
Your Evocations skill increases to level 1!
Unknown command.
Unknown command.
The manticore completely misses you.
The manticore claws you but does no damage.
The manticore barely misses you.
Things that are here:
225 gold pieces; 3 large rocks Unknown command.
You pummel the manticore!! You freeze the manticore!
The manticore is almost dead.
The manticore bites you!
* * * LOW HITPOINT WARNING * * *
The manticore claws you!
You die...
Your body crumbles into a pile of gold. ▓▓▓▓▓▓▓▓▓▓▓▓▓▓▓▓▓▓▓▓▓▓▓▓▓ '..).[[[..'))).$YH4K....+ ▓▓▓▓▓▓▓▓▓▓▓▓▓▓▓▓▓▓▓▓▓▓▓▓▓ $ $ $$$$$ $ $ $ $$$$$

You could see a manticore, a rust devil (summoned) and a kobold demonologist.

Vanquished Creatures
  2 cyclopes (D)
  A kobold demonologist (D)
  A troll (D)
  A shadow (D)
  A yak (D)
  A vampire mosquito (D)
  2 orc warriors (D)
  An ogre (D)
  A howler monkey (D)
  A hound (D)
  2 iguanas (D)
  An adder (D)
  A bat (D)
  2 endoplasms (D)
  A goblin (D)
  A hobgoblin (D)
20 creatures vanquished.

Notes
Turn   | Place    | Note
-------+----------+-------------------------------------------
     0 | D        | mhtbhm the Octopode Transmuter began the quest for the Orb.
     0 | D        | Reached XP level 1. HP: 13/13 MP: 3/3
    20 | D        | Reached skill level 4 in Unarmed Combat
    20 | D        | Reached XP level 2. HP: 9/18 MP: 5/5
   267 | D        | Learned a level 2 spell: Wereblood
   269 | D        | Noticed an ogre
   274 | D        | Reached skill level 1 in Stealth
   274 | D        | Reached skill level 5 in Unarmed Combat
   274 | D        | Reached XP level 3. HP: 23/23 MP: 2/7
   277 | D        | Reached skill level 6 in Unarmed Combat
   277 | D        | Reached XP level 4. HP: 28/28 MP: 2/9
   278 | D        | Killed an ogre
   279 | D        | Reached skill level 7 in Unarmed Combat
   279 | D        | Reached XP level 5. HP: 33/33 MP: 2/12
   282 | D        | Reached skill level 8 in Unarmed Combat
   291 | D        | Found a snail-covered altar of Cheibriados.
   291 | D        | Found a shadowy altar of Dithmenos.
   291 | D        | Found a white marble altar of Elyvilon.
   291 | D        | Found a blossoming altar of Fedhas.
   291 | D        | Found an opulent altar of Gozag.
   292 | D        | Found a hazy altar of Hepliaklqana.
   293 | D        | Found a viscous altar of Jiyva.
   294 | D        | Found an ancient bone altar of Kikubaaqudgha.
   295 | D        | Found a corrupted altar of Lugonu.
   296 | D        | Found a burning altar of Makhleb.
   297 | D        | Found a sparkling altar of Nemelex Xobeh.
   298 | D        | Found an iron altar of Okawaru.
   299 | D        | Found a stormy altar of Qazlal.
   300 | D        | Found a sacrificial altar of Ru.
   303 | D        | Became a worshipper of Gozag Ym Sagoz the Greedy
   306 | D        | Found a shimmering blue altar of Sif Muna.
   307 | D        | Found a bloodstained altar of Trog.
   308 | D        | Found a hide-covered altar of Uskayaw.
   309 | D        | Found a radiant altar of Vehumet.
   310 | D        | Found an ornate altar of the Wu Jian Council.
   311 | D        | Found a shimmering altar of Xom.
   312 | D        | Found a basalt altar of Yredelemnul.
   313 | D        | Found a glowing silver altar of Zin.
   314 | D        | Found a glowing golden altar of the Shining One.
   344 | D        | Learned a level 3 spell: Spider Form
   349 | D        | Learned a level 4 spell: Ice Form
   482 | D        | Noticed a shadow
   482 | D        | Noticed a vampire mosquito
   482 | D        | Noticed a kobold demonologist
   482 | D        | Noticed a yak
   482 | D        | Noticed an orc warrior
   482 | D        | Noticed an orc warrior
   489 | D        | Killed a shadow
   490 | D        | Reached skill level 5 in Dodging
   490 | D        | Reached skill level 9 in Unarmed Combat
   490 | D        | Reached skill level 5 in Spellcasting
   490 | D        | Reached skill level 5 in Transmutations
   490 | D        | Reached skill level 1 in Ice Magic
   490 | D        | Reached XP level 6. HP: 38/38 MP: 7/14
   494 | D        | Killed a vampire mosquito
   495 | D        | Reached skill level 10 in Unarmed Combat
   495 | D        | Reached XP level 7. HP: 34/43 MP: 7/16
   497 | D        | Killed a kobold demonologist
   498 | D        | Reached skill level 11 in Unarmed Combat
   501 | D        | Killed a yak
   502 | D        | Reached skill level 12 in Unarmed Combat
   502 | D        | Reached XP level 8. HP: 31/50 MP: 8/18
   973 | D        | Noticed a cyclops
   973 | D        | Noticed a troll
   973 | D        | Noticed a cyclops
   973 | D        | Noticed a manticore
   973 | D        | Noticed a kobold demonologist
   979 | D        | Killed a cyclops
   980 | D        | Reached skill level 13 in Unarmed Combat
   992 | D        | Killed a troll
   993 | D        | Reached XP level 9. HP: 18/54 MP: 15/20
   997 | D        | Noticed a rust devil
   997 | D        | Killed a cyclops
   998 | D        | Reached skill level 1 in Evocations
   999 | D        | Slain by a manticore

Illustrated notes

Levels and vault maps discovered:
D:        linesprint [early_d, line_temple, items_1, d_10, items_2, lair_1,
          lair_end, items_3, orc_1, orc_end, items_4, d_15, swamp_1, shoals_1,
          snake_1, spider_1, d_20, vaults_1, items_5, swamp_end, shoals_end,
          snake_end, spider_end, vaults_end, d_27, items_6, zot_1, zot_end,
          crypt_end, forest_end, elf_end, slime_end, tomb_end, abyss_end,
          pan_hell_end]

Skill      XL: |  1  2  3  4  5  6  7  8  9 |
---------------+----------------------------+-----
Unarmed Combat | 4 5 6 7 9 10 12 13 | 13.9
Dodging        | 3 4 5 6 7 8 |  8.2
Stealth        | 1 2 3 4 |  4.9
Spellcasting   | 3 4 5 6 7 8 |  8.2
Transmutations | 3 4 5 6 7 8 |  8.0
Ice Magic      | 1 2 3 |  3.7
Fighting       | 2 |  2.5
Evocations     | 1 |  1.4

Action                   |  1- 3 |  4- 6 |  7- 9 || total
-------------------------+-------+-------+-------++-------
Melee: Unarmed           |    16 |    15 |    22 ||    53
       Constrict         |     6 |     1 |       ||     7
       Kick              |     5 |     1 |       ||     6
       Tentacles         |     3 |       |       ||     3
 Cast: Beastly Appendage |     2 |       |       ||     2
       Wereblood         |     1 |     1 |     1 ||     3
       Ice Form          |       |     1 |     1 ||     2
Evoke: Wand              |       |       |     4 ||     4
  Use: Potion            |     1 |       |     5 ||     6
 Stab: Sleeping          |     1 |       |       ||     1
Armor: Skin              |     2 |     3 |     6 ||    11
Dodge: Dodged            |    12 |     7 |    12 ||    31

Table legend: (Time is in decaauts)
 A = Elapsed time spent in this place.
 B = Non-inter-level travel time spent in this place.
 C = Inter-level travel time spent in this place.
 D = Time resting spent in this place.
 E = Time spent auto-exploring this place.
 F = Levels seen in this place.
 G = Mean time per level.
                   A        B        C        D        E       F      G
               +--------+--------+--------+--------+--------+-----+--------+
         Total |    997 |    997 |      0 |    823 |      3 |   1 |  997.0 |
       Dungeon |    997 |    997 |      0 |    823 |      3 |   1 |  997.0 |
               +--------+--------+--------+--------+--------+-----+--------+

Top non-repeatable levels by time:
       D: 997 daAuts
